[Event "Titled Tuesday Blitz January 18 2022"]
[White "Sohal, Tanraj"]
[Black "Demchenko, Anton"]
[WhiteFideId "2608499"]
[BlackFideId "4160258"]
[WhiteElo "2200"]
[BlackElo "2539"]
[Result "0-1"]
[Round "02"]
[TimeControl "180+1"]
[Date "2022.01.18"]
[WhiteClock "0:00:02"]
[BlackClock "0:00:05"]

1. d4 Nf6 2. c4 g6 3. Nc3 Bg7 4. e4 d6 5. Nf3 O-O 6. Be2 Nbd7 7. O-O e5 8. Qc2 exd4 9. Nxd4 Re8 10. Rd1 a6 11. Be3 Qe7 12. f3 c5 13. Nb3 Ne5 14. Bf1 Be6 15. Nd2 Nh5 16. Rac1 Nc6 17. Ne2 f5 18. b3 Be5 19. Bf2 f4 20. Nb1 g5 21. Nbc3 g4 22. fxg4 Bxg4 23. Nd5 Qg7 24. Qd3 f3 25. Ng3 Nxg3 26. hxg3 fxg2 27. Bxg2 Bxd1 28. Rxd1 Kh8 29. Ne3 Bxg3 30. Nf5 Bxf2+ 31. Kxf2 Qe5 32. Qxd6 Rad8 33. Qxe5+ Nxe5 34. Rd5 Rxd5 35. cxd5 b5 36. Ke3 h5 37. d6 Kg8 38. Kf4 c4 39. bxc4 bxc4 40. Ne7+ Kf7 41. Kxe5 c3 42. Bf3 c2 43. Bxh5+ Kf8 44. Bxe8 c1=Q 45. d7 Kxe7 0-1


[Site "https://www.chess.com"]

[Event "Titled Tuesday Blitz January 18 2022"]
[White "Sokolovsky, Yahli"]
[Black "Leiva, Gianmarco"]
[WhiteFideId "2820242"]
[BlackFideId "3804399"]
[WhiteElo "1770"]
[BlackElo "2328"]
[Result "1-0"]
[Round "02"]
[TimeControl "180+1"]
[Date "2022.01.18"]
[WhiteClock "0:00:11"]
[BlackClock "0:00:06"]

1. b3 e5 2. Bb2 Nc6 3. e3 a6 4. Nf3 e4 5. Nd4 Nge7 6. c4 Nxd4 7. Bxd4 Nc6 8. Bb2 Qg5 9. Nc3 f5 10. d4 Nd8 11. Nd5 Ne6 12. f4 exf3 13. Qxf3 c6 14. Nc3 b5 15. O-O-O bxc4 16. Bxc4 d5 17. Nxd5 cxd5 18. Qxd5 Ra7 19. Qc6+ Bd7 20. Qb6 Qxe3+ 21. Kb1 Qe4+ 22. Ka1 Qb7 23. Qa5 g6 24. Rhe1 Kf7 25. Rxe6 Bxe6 26. Bxe6+ Kxe6 27. d5+ Kf7 28. Bxh8 Kg8 29. Bb2 Qb5 30. Qc3 Bg7 31. Qc8+ Kf7 32. Qe6+ Kf8 33. d6 Bxb2+ 34. Kxb2 Rd7 35. Rc1 Kg7 36. Rc7 Rxc7 37. dxc7 Qc5 38. Qc4 Qf2+ 39. Qc2 Qd4+ 40. Qc3 Qxc3+ 41. Kxc3 f4 42. c8=Q f3 43. gxf3 1-0


[Site "https://www.chess.com"]

[Event "Titled Tuesday Blitz January 18 2022"]
[White "Srihari L R"]
[Black "Reprintsev, Alexander"]
[WhiteFideId "46617116"]
[BlackFideId "14100541"]
[WhiteElo "2121"]
[BlackElo "2126"]
[Result "1-0"]
[Round "02"]
[TimeControl "180+1"]
[Date "2022.01.18"]
[WhiteClock "0:00:53"]
[BlackClock "0:00:14"]

1. Nf3 d5 2. c4 dxc4 3. Na3 c5 4. Nxc4 b5 5. Ne3 Bb7 6. g3 Nf6 7. Bg2 e6 8. O-O Be7 9. d4 Nbd7 10. dxc5 Nxc5 11. b3 Nfe4 12. Bb2 Bf6 13. Qxd8+ Rxd8 14. Bxf6 gxf6 15. Rac1 b4 16. Rc4 a5 17. Rfc1 Na6 18. Nh4 f5 19. Nhxf5 exf5 20. Nxf5 Nec5 21. Rxc5 Nxc5 22. Rxc5 Rd1+ 23. Bf1 Kd7 24. Rxa5 Rc8 25. Ne3 Ra1 26. f3 Rcc1 27. Kf2 Rcb1 28. Bh3+ Kc7 29. Nc2 Kb6 30. Ra4 Bc6 31. Rxb4+ Ka5 32. Rf4 Rxa2 33. Nb4 Rxe2+ 34. Kxe2 Bb5+ 35. Kd2 Rxb3 36. Nc2 Rd3+ 37. Kc1 Rc3 38. Kb2 Rc7 39. Nd4 Bd3 40. Bf5 Bf1 41. Bc2 h6 42. h4 Re7 43. Nc6+ 1-0


[Site "https://www.chess.com"]

[Event "Titled Tuesday Blitz January 18 2022"]
[White "Steel, Henry Robert"]
[Black "Piorun, Kacper"]
[WhiteFideId "14300567"]
[BlackFideId "1130420"]
[WhiteElo "2620"]
[BlackElo "2969"]
[Result "0-1"]
[Round "02"]
[TimeControl "180+1"]
[Date "2022.01.18"]
[WhiteClock "0:00:01"]
[BlackClock "0:00:29"]

1. e4 e6 2. d4 d5 3. Nc3 Bb4 4. e5 Qd7 5. a3 Bxc3+ 6. bxc3 b6 7. Qg4 f5 8. exf6 Nxf6 9. Qh3 Ba6 10. Bd3 Bxd3 11. cxd3 Nc6 12. Nf3 O-O-O 13. O-O h6 14. Bf4 Rdf8 15. Ne5 Nxe5 16. Bxe5 Kb7 17. c4 h5 18. Rfc1 Ng4 19. Bg3 dxc4 20. Rxc4 c6 21. Rac1 Rc8 22. Be5 Qf7 23. Qg3 Rhf8 24. h3 Qxf2+ 25. Qxf2 Nxf2 26. R4c3 Rf5 27. Bxg7 Nxh3+ 28. gxh3 Rg5+ 29. Kf2 Rxg7 30. Re1 Rf8+ 31. Ke2 Rg3 32. h4 Rf4 33. Kd2 Rg2+ 34. Kd1 Rxh4 35. Rxe6 Rh1+ 36. Re1 Rxe1+ 37. Kxe1 h4 38. Kf1 h3 39. Rc4 Ra2 40. d5 cxd5 41. Rh4 h2 42. a4 Rxa4 0-1


[Site "https://www.chess.com"]

[Event "Titled Tuesday Blitz January 18 2022"]
[White "Stoleriu, George"]
[Black "Swicarz, Maciej"]
[WhiteFideId "1227505"]
[BlackFideId "1113585"]
[WhiteElo "2203"]
[BlackElo "2063"]
[Result "0-1"]
[Round "02"]
[TimeControl "180+1"]
[Date "2022.01.18"]
[WhiteClock "0:00:11"]
[BlackClock "0:00:12"]

1. e4 c5 2. Nf3 d6 3. Bb5+ Nd7 4. d4 cxd4 5. Qxd4 a6 6. Bxd7+ Bxd7 7. c4 Qc7 8. O-O Rc8 9. Nbd2 Qc5 10. b3 Qxd4 11. Nxd4 g6 12. Bb2 Bg7 13. Rac1 Nh6 14. h3 O-O 15. Rfe1 Rfe8 16. f4 f5 17. e5 dxe5 18. fxe5 Bc6 19. Ne6 Bh8 20. Rcd1 Nf7 21. Nf3 Nd8 22. Nfd4 Bd7 23. Nf4 Bc6 24. Nde6 Nxe6 25. Nxe6 Kf7 26. Ng5+ Kg8 27. Rd2 h6 28. Ne6 Kf7 29. Nf4 e6 30. Red1 g5 31. Ne2 Rc7 32. Nd4 Bxe5 33. Nxc6 Bxb2 34. Nd8+ Ke7 35. Nxe6 Kxe6 36. Rxb2 Ree7 37. Re2+ Kf7 38. Rxe7+ Rxe7 39. Kf2 Ke6 40. Re1+ Kd6 41. Rd1+ Kc6 42. Rd5 f4 43. h4 gxh4 44. Rh5 Re6 45. Rxh4 Kc5 46. Rxf4 Kb4 47. Rf7 b6 48. Rd7 Ka3 49. Rd2 a5 50. Kg3 a4 51. bxa4 Kxa4 52. Rb2 Ka3 53. Rb5 Kxa2 54. Kh4 Rg6 55. g4 Rc6 56. Kh5 Ka3 57. Rb1 Ka4 58. Rb5 Ka3 59. Rb1 Ka4 60. Kh4 Ka5 61. Rb5+ Ka4 62. Kg3 Rf6 63. Rf5 Rc6 64. Rb5 Rf6 65. Kh3 Rc6 66. Kh4 Ka3 67. Kh5 Ka4 68. Rb1 Ka5 69. Rb2 Rxc4 70. Ra2+ Kb5 71. Rb2+ Ka6 72. Ra2+ Kb7 73. Rf2 Rc6 74. Rf7+ Ka6 75. Rg7 b5 76. Rg6 Rxg6 77. Kxg6 b4 78. Kxh6 b3 79. g5 b2 80. g6 b1=Q 81. g7 Qb3 82. Kh7 Qh3+ 83. Kg6 Qg4+ 84. Kh6 Kb6 85. Kh7 Qh5+ 86. Kg8 Kc6 87. Kf8 Qf5+ 88. Ke7 Qg6 89. Kf8 Qf6+ 90. Kg8 Kd6 91. Kh7 Qf5+ 92. Kh6 Qh3+ 93. Kg6 Qg4+ 94. Kf7 Qe6+ 95. Kf8 Qf6+ 96. Kg8 Ke6 97. Kh7 Qh4+ 98. Kg6 Qg4+ 99. Kh7 Kf7 0-1


[Site "https://www.chess.com"]

[Event "Titled Tuesday Blitz January 18 2022"]
[White "Svane, Frederik"]
[Black "Vusatiuk, Vladimir"]
[WhiteFideId "12923044"]
[BlackFideId "14118610"]
[WhiteElo "2459"]
[BlackElo "2157"]
[Result "1-0"]
[Round "02"]
[TimeControl "180+1"]
[Date "2022.01.18"]
[WhiteClock "0:00:07"]
[BlackClock "0:00:12"]

1. e4 c5 2. Nf3 d6 3. d4 cxd4 4. Nxd4 Nf6 5. Nc3 Nc6 6. Bg5 Bd7 7. Qd2 Rc8 8. O-O-O Nxd4 9. Qxd4 Qa5 10. Bd2 a6 11. Kb1 Qc5 12. Qxc5 Rxc5 13. Be3 Rc8 14. f3 g6 15. g4 Bg7 16. g5 Nh5 17. Nd5 Bc6 18. Nb6 Rd8 19. Bh3 Be5 20. Nc4 Bf4 21. Bb6 Ra8 22. Rdg1 O-O 23. Bg4 Ng7 24. h4 Ne6 25. Rd1 Nc5 26. Na5 Na4 27. Bd4 Rfd8 28. c4 Nc5 29. Kc2 Rab8 30. Nxc6 bxc6 31. b3 Ne6 32. Bc3 c5 33. h5 Nxg5 34. hxg6 fxg6 35. Rd5 e6 36. Rxg5 Bxg5 37. Bxe6+ Kf8 38. Rxh7 Re8 39. Rf7+ Kg8 40. Rg7+ Kf8 41. Rxg6 Be3 42. Bd5 Bd4 43. Bxd4 cxd4 44. Rxd6 Ke7 45. Re6+ Kd7 46. Rxa6 Rf8 47. e5 Rh8 48. Ra7+ Kd8 49. Kd3 Rh1 50. Kxd4 Rd1+ 51. Kc5 Rc8+ 52. Kd6 1-0


[Site "https://www.chess.com"]

[Event "Titled Tuesday Blitz January 18 2022"]
[White "Sviridov, Valery"]
[Black "Czopor, Maciej"]
[WhiteFideId "4120680"]
[BlackFideId "21805431"]
[WhiteElo "2954"]
[BlackElo "2615"]
[Result "1-0"]
[Round "02"]
[TimeControl "180+1"]
[Date "2022.01.18"]
[WhiteClock "0:02:08"]
[BlackClock "0:00:19"]

1. Nf3 Nf6 2. g3 g6 3. Bg2 Bg7 4. O-O O-O 5. c4 c6 6. Nc3 d5 7. cxd5 cxd5 8. d4 Nc6 9. Ne5 Bf5 10. Nxc6 bxc6 11. Bf4 Ne4 12. Nxe4 Bxe4 13. Bxe4 dxe4 14. Be3 Qd5 15. Qa4 Rab8 16. b3 c5 17. Rad1 cxd4 18. Bxd4 Rfd8 19. Bxa7 Qxd1 20. Rxd1 Rxd1+ 21. Kg2 Rc8 22. Qxe4 Rd7 23. Be3 e5 24. g4 h6 25. a4 Rc3 26. Qb4 Rc2 27. a5 Bf8 28. Qb5 Rd1 29. a6 Ra2 30. a7 Ra3 31. Qe8 1-0


[Site "https://www.chess.com"]

[Event "Titled Tuesday Blitz January 18 2022"]
[White "Tabatabaei, M. Amin"]
[Black "Hjartarson, Johann"]
[WhiteFideId "12521213"]
[BlackFideId "2300044"]
[WhiteElo "2942"]
[BlackElo "2612"]
[Result "1-0"]
[Round "02"]
[TimeControl "180+1"]
[Date "2022.01.18"]
[WhiteClock "0:01:07"]
[BlackClock "0:00:08"]

1. d4 Nf6 2. Nf3 g6 3. Nc3 d5 4. Bf4 Bg7 5. Nb5 Na6 6. e3 c6 7. Nc3 O-O 8. Bxa6 bxa6 9. O-O Nh5 10. Be5 f6 11. Bg3 e5 12. Na4 e4 13. Nd2 f5 14. f4 a5 15. Nc5 Rf7 16. c4 Bf8 17. Qa4 Qb6 18. Ndb3 Nxg3 19. hxg3 dxc4 20. Qxc4 Rb8 21. Rac1 Qb4 22. Rf2 Qxc4 23. Rxc4 Rb5 24. Rfc2 g5 25. a4 Rb6 26. Nxa5 gxf4 27. gxf4 Rg7 28. b4 Be7 29. Nab3 Rg3 30. Re2 h5 31. Kh2 h4 32. Nd2 Kf7 33. Nf1 Rg6 34. Rec2 Bxc5 35. dxc5 Rb7 36. Rd4 Be6 37. Nd2 Bd5 38. Nb1 Ke6 39. Nc3 Rg3 40. Nxd5 cxd5 41. c6 Rc7 42. Rc3 Rg8 43. b5 Rb8 44. Rc5 Rd8 45. a5 Rd6 46. Kh3 a6 47. b6 Rcxc6 48. b7 1-0


[Site "https://www.chess.com"]

[Event "Titled Tuesday Blitz January 18 2022"]
[White "Tristan, Leonardo"]
[Black "Przybylski, Wojciech"]
[WhiteFideId "113816"]
[BlackFideId "1117599"]
[WhiteElo "2404"]
[BlackElo "2133"]
[Result "1-0"]
[Round "02"]
[TimeControl "180+1"]
[Date "2022.01.18"]
[WhiteClock "0:00:16"]
[BlackClock "0:00:05"]

1. d4 Nf6 2. Nf3 d5 3. Bf4 c6 4. e3 Bg4 5. c4 e6 6. Nc3 Nbd7 7. Qb3 Qb6 8. c5 Qxb3 9. axb3 Be7 10. Nd2 a6 11. h3 Bf5 12. b4 O-O 13. Nb3 Ne4 14. Na5 Nxc3 15. bxc3 Ra7 16. Kd2 f6 17. Be2 e5 18. Bh2 Re8 19. Rhe1 Bd8 20. Bf1 Bc7 21. c4 Be6 22. f3 Rd8 23. Kc2 Bb8 24. cxd5 Bxd5 25. Bc4 Kf7 26. Kb3 Nf8 27. dxe5 Bxe5 28. Bxe5 fxe5 29. Rad1 Ne6 30. Kc3 Ke7 31. e4 Bxc4 32. Rxd8 Nxd8 33. Nxc4 a5 34. bxa5 Ne6 35. Kb4 Nd4 36. Rc1 Ke6 37. Rc3 Ra8 38. Nd6 Rb8 39. Kc4 g5 40. Rc1 Ra8 41. Nxb7 Ra7 42. Rb1 Nc2 43. Rb6 Ne3+ 44. Kb4 Nxg2 45. Rxc6+ Kd7 46. Rb6 Kc7 47. Nd6 Nf4 48. Nb5+ Kd7 49. Nxa7 Ne6 50. Rxe6 Kxe6 51. Kb5 Kd7 52. Kb6 1-0


[Site "https://www.chess.com"]

[Event "Titled Tuesday Blitz January 18 2022"]
[White "Turzo, Attila"]
[Black "Plotkin, Mark"]
[WhiteFideId "704954"]
[BlackFideId "2611651"]
[WhiteElo "2552"]
[BlackElo "2178"]
[Result "0-1"]
[Round "02"]
[TimeControl "180+1"]
[Date "2022.01.18"]
[WhiteClock "0:00:09"]
[BlackClock "0:01:47"]

1. d4 Nf6 2. c4 g6 3. Nc3 Bg7 4. e4 O-O 5. Be2 Nc6 6. Nf3 d6 7. d5 Nb4 8. a3 Na6 9. Be3 e5 10. Nd2 c5 11. g4 Nc7 12. h4 Bd7 13. h5 Rb8 14. a4 b6 15. Nb5 Nxb5 16. axb5 Rb7 17. h6 Bh8 18. g5 Ne8 19. Bg4 f5 20. gxf6 Bxf6 21. Nf1 Bg5 22. Ra3 Bf4 23. Ng3 Qg5 24. Bxd7 Rxd7 25. Bxf4 exf4 26. Nf1 Qe5 27. Qc2 Nf6 28. f3 g5 29. Kd1 g4 30. fxg4 Nxe4 31. Kc1 Ng3 32. Nxg3 fxg3 33. Kb1 Rf2 34. Qd3 Qxb2# 0-1


[Site "https://www.chess.com"]

[Event "Titled Tuesday Blitz January 18 2022"]
[White "Vignesh, N R"]
[Black "Taichman, Ori"]
[WhiteFideId "25012215"]
[BlackFideId "2804069"]
[WhiteElo "2395"]
[BlackElo "2227"]
[Result "1-0"]
[Round "02"]
[TimeControl "180+1"]
[Date "2022.01.18"]
[WhiteClock "0:00:51"]
[BlackClock "0:00:26"]

1. d4 Nf6 2. c4 g6 3. Nc3 Bg7 4. Nf3 O-O 5. g3 d6 6. Bg2 Nc6 7. O-O Rb8 8. b3 e5 9. dxe5 dxe5 10. Ba3 Re8 11. Qxd8 Rxd8 12. Nb5 e4 13. Ng5 h6 14. Nh3 Nd4 15. Nxd4 Rxd4 16. Nf4 g5 17. e3 Rd2 18. Bb4 gxf4 19. Bxd2 f3 20. Bh1 Bh3 21. Rfd1 Ng4 22. Rac1 Ne5 23. Bc3 Nd3 24. Rxd3 exd3 25. Bxg7 Kxg7 26. Bxf3 Rd8 27. Rd1 d2 28. e4 Rd3 29. Be2 Rd4 30. f3 f5 31. Kf2 fxe4 32. Ke3 exf3 33. Bxf3 c5 34. Bxb7 Kf6 35. Rxd2 Rxd2 36. Kxd2 Ke5 37. Kc3 a5 38. a3 Be6 39. b4 axb4+ 40. axb4 cxb4+ 41. Kxb4 Kd6 42. c5+ Kc7 43. Be4 Bg4 44. Kc4 h5 45. h4 Kd7 46. Kd5 Ke7 47. Ke5 Be2 48. c6 Kf7 49. c7 Ba6 50. Bf5 1-0


[Site "https://www.chess.com"]

[Event "Titled Tuesday Blitz January 18 2022"]
[White "Visakh N R"]
[Black "Klenburg, Michael"]
[WhiteFideId "25012223"]
[BlackFideId "14102072"]
[WhiteElo "2454"]
[BlackElo "2359"]
[Result "0-1"]
[Round "02"]
[TimeControl "180+1"]
[Date "2022.01.18"]
[WhiteClock "0:00:17"]
[BlackClock "0:00:33"]

1. d4 d6 2. e4 Nf6 3. Nc3 g6 4. g3 Bg7 5. Bg2 O-O 6. Nge2 e5 7. O-O c6 8. h3 b5 9. a3 a6 10. f4 exd4 11. Nxd4 Bb7 12. Be3 Nbd7 13. Kh2 Re8 14. Bg1 Qc7 15. Qd2 c5 16. Nb3 Nxe4 17. Nxe4 Bxe4 18. Bxe4 Rxe4 19. Rad1 Bf8 20. Rfe1 Rae8 21. Rxe4 Rxe4 22. Re1 Rxe1 23. Qxe1 Nf6 24. Nd2 Qc6 25. c4 d5 26. cxd5 Qxd5 27. Nf1 c4 28. Ne3 Qd3 29. Ng2 Ne4 30. Be3 Qc2 31. Qa5 Qxb2 32. Qxa6 Nd2 33. h4 Nf1+ 34. Kh3 Nxe3 35. Nxe3 Qxa3 36. Qb6 Qc5 0-1


[Site "https://www.chess.com"]

[Event "Titled Tuesday Blitz January 18 2022"]
[White "Vlassov, Nikolai"]
[Black "Zhigalko, Sergei"]
[WhiteFideId "4103360"]
[BlackFideId "13502956"]
[WhiteElo "2407"]
[BlackElo "2662"]
[Result "0-1"]
[Round "02"]
[TimeControl "180+1"]
[Date "2022.01.18"]
[WhiteClock "0:00:04"]
[BlackClock "0:00:10"]

1. e4 c5 2. c3 d5 3. exd5 Qxd5 4. d4 Nf6 5. Nf3 e6 6. a3 Nc6 7. Be3 Ng4 8. Nbd2 Be7 9. Bc4 Qd8 10. O-O O-O 11. b4 cxd4 12. cxd4 b6 13. h3 Nxe3 14. fxe3 Bb7 15. Qe2 Rc8 16. Rf2 Bd6 17. Ne4 Nxd4 18. exd4 Bxe4 19. Ba6 Bxf3 20. Qxf3 Rc7 21. Raf1 Be7 22. Qe4 Rc3 23. Bd3 g6 24. Rf3 Rxa3 25. b5 Ra4 26. Rf4 Rxd4 27. Qxd4 Bc5 28. Qxc5 bxc5 29. Bc4 Qd6 30. h4 h5 31. g4 hxg4 32. Rxg4 Qe5 33. Kg2 Rd8 34. Rgf4 Rd2+ 35. Kh3 Rd7 36. h5 Qxh5+ 37. Kg3 Qe5 38. Kg4 Kg7 0-1


[Site "https://www.chess.com"]

[Event "Titled Tuesday Blitz January 18 2022"]
[White "Wagner, Dennis"]
[Black "Gracia Alvarez, Gerardo Antonio"]
[WhiteFideId "24650684"]
[BlackFideId "5109124"]
[WhiteElo "2355"]
[BlackElo "2139"]
[Result "1-0"]
[Round "02"]
[TimeControl "180+1"]
[Date "2022.01.18"]
[WhiteClock "0:01:22"]
[BlackClock "0:00:47"]

1. d4 Nf6 2. Nf3 g6 3. c4 c5 4. d5 b5 5. cxb5 a6 6. bxa6 Bg7 7. Nc3 Bxa6 8. e4 Bxf1 9. Kxf1 d6 10. g3 O-O 11. Kg2 Qb6 12. Qe2 Na6 13. Nd2 Nc7 14. Nc4 Qa6 15. a4 Rfb8 16. Ra3 Nd7 17. Bd2 Nb6 18. b3 e6 19. dxe6 Nxe6 20. Nxd6 Bxc3 21. Qxa6 Rxa6 22. Bxc3 Nxa4 23. bxa4 Rxd6 24. Be5 Rdb6 25. Bxb8 Rxb8 26. a5 Ra8 27. a6 Ra7 28. Rb1 1-0


[Site "https://www.chess.com"]

[Event "Titled Tuesday Blitz January 18 2022"]
[White "Weetik, Vjacheslav"]
[Black "Farakhov, Rafail"]
[WhiteFideId "4153472"]
[BlackFideId "4137574"]
[WhiteElo "2469"]
[BlackElo "2403"]
[Result "1-0"]
[Round "02"]
[TimeControl "180+1"]
[Date "2022.01.18"]
[WhiteClock "0:00:05"]
[BlackClock "0:00:04"]

1. d4 Nf6 2. Nf3 d5 3. c4 e6 4. g3 Be7 5. Bg2 O-O 6. O-O dxc4 7. Na3 Bxa3 8. bxa3 Bd7 9. a4 Bc6 10. Ba3 Re8 11. Qc2 Bd5 12. Rfe1 Nbd7 13. e4 Bc6 14. Nd2 b5 15. axb5 Bxb5 16. Nxc4 Nb6 17. Ne5 Qxd4 18. Bb2 Qd8 19. a4 Ba6 20. a5 Nbd7 21. Nc6 Qc8 22. Ba3 Kh8 23. Red1 e5 24. Ne7 Qd8 25. Nc6 Qc8 26. Bh3 Bb5 27. Rd2 Qb7 28. Rc1 Nf8 29. f3 Ne6 30. Bxe6 fxe6 31. Nxe5 c6 32. Rcd1 a6 33. Bc5 Rac8 34. Qc3 h6 35. g4 Kh7 36. Kg2 Kh8 37. h4 g5 38. hxg5 hxg5 39. Nd7 Qc7 40. Qxf6+ 1-0


[Site "https://www.chess.com"]

[Event "Titled Tuesday Blitz January 18 2022"]
[White "Wong, Yinn Long"]
[Black "Budrewicz, Krzysztof"]
[WhiteFideId "5707684"]
[BlackFideId "1127950"]
[WhiteElo "2055"]
[BlackElo "2248"]
[Result "1-0"]
[Round "02"]
[TimeControl "180+1"]
[Date "2022.01.18"]
[WhiteClock "0:00:10"]
[BlackClock "0:00:02"]

1. d4 Nf6 2. Bf4 g6 3. Nc3 Bg7 4. e4 d6 5. Qd2 O-O 6. O-O-O a6 7. h4 Nc6 8. d5 Ne5 9. f3 h5 10. Bh6 c5 11. dxc6 bxc6 12. Bxg7 Kxg7 13. f4 Neg4 14. e5 Ne8 15. exd6 exd6 16. Nf3 Qb6 17. Qd4+ Qxd4 18. Rxd4 d5 19. Be2 Be6 20. Ng5 Nh6 21. Rd2 Nd6 22. Bd3 Rfe8 23. Na4 a5 24. Nc5 Bf5 25. Bxf5 Nhxf5 26. Nd3 f6 27. Nf3 Re4 28. Re1 Rae8 29. Rdd1 Nc4 30. b3 Nce3 31. Rd2 Ng4 32. Rdd1 Kf7 33. Kb2 R8e7 34. Ka3 Ra7 35. Kb2 a4 36. Nd2 a3+ 37. Kc3 Ree7 38. Nf3 Ng3 39. Nb4 Ne4+ 40. Kd3 Rac7 41. Rc1 Red7 42. c4 Ngf2+ 43. Kc2 dxc4 44. bxc4 Rb7 45. Rb1 c5 46. Nd5 Rxb1 47. Rxb1 Ng4 48. Nd2 Nxd2 49. Kxd2 Nh6 50. Rb6 Nf5 51. Rxf6+ Kg7 52. Rc6 Nxh4 53. Rxc5 Nxg2 54. Ke2 Rb7 55. Rb5 Rf7 56. Kf3 Nh4+ 57. Ke4 Ng2 58. c5 h4 59. c6 h3 60. Rb3 h2 61. Rh3 g5 62. fxg5 Ne1 63. Rxh2 Rf8 64. c7 Re8+ 65. Kf5 Nf3 66. Rf2 Nd4+ 67. Kg4 Ne6 68. Rf6 Nxc7 69. Nxc7 Re4+ 70. Rf4 Re2 71. Nd5 Rxa2 72. Ra4 Rg2+ 73. Kf5 a2 74. Nf4 Rg1 75. Ra7+ Kg8 76. g6 a1=Q 77. Re7 Qa5+ 78. Kf6 Qb6+ 79. Re6 Qd8+ 80. Re7 Re1 81. Ne6 1-0


[Site "https://www.chess.com"]

[Event "Titled Tuesday Blitz January 18 2022"]
[White "Yang, Kaiqi"]
[Black "Salinas Herrera, Pablo"]
[WhiteFideId "8604398"]
[BlackFideId "3407128"]
[WhiteElo "2373"]
[BlackElo "2541"]
[Result "1/2-1/2"]
[Round "02"]
[TimeControl "180+1"]
[Date "2022.01.18"]
[WhiteClock "0:00:05"]
[BlackClock "0:00:04"]

1. c4 c6 2. d4 d5 3. cxd5 cxd5 4. Bf4 Nc6 5. e3 Bf5 6. Nc3 e6 7. Qb3 Bb4 8. Bb5 Bxc3+ 9. Qxc3 Ne7 10. Nf3 O-O 11. O-O Qb6 12. Be2 Rfc8 13. Rfc1 h6 14. Qd2 Be4 15. h3 a5 16. Rc3 a4 17. Rac1 Na5 18. Bc7 Rxc7 19. Rxc7 Nac6 20. Rd7 Bxf3 21. Bxf3 Kf8 22. e4 Ke8 23. Rd6 Qc7 24. e5 Qb6 25. Rc5 Nf5 26. Rdxc6 bxc6 27. Qc3 Kd7 28. Bg4 Ne7 29. Bd1 g6 30. g4 Rb8 31. b3 axb3 32. Bxb3 Ra8 33. Kg2 h5 34. Qc2 hxg4 35. hxg4 Qb4 36. Qc3 Qa3 37. Qf3 Ke8 38. Qc3 Ra7 39. Qc2 Ra5 40. Rc3 Qb4 41. Qd3 Kd7 42. Kg3 Ra7 43. f3 Ra5 44. Qc2 Qxd4 45. Rd3 Qxe5+ 46. f4 Qd6 47. Qc3 Ra7 48. Qf6 Ke8 49. Rd1 Qc5 50. Rh1 Qe3+ 51. Kg2 Qe4+ 52. Kg1 Qe1+ 53. Kg2 Qd2+ 54. Kg3 Qe3+ 55. Kg2 Qe4+ 56. Kg1 c5 57. Rh8+ Kd7 58. Qxf7 Qd4+ 59. Kg2 Qd2+ 60. Kg3 Qe3+ 61. Kg2 c4 62. Qe8+ Kd6 63. Qb8+ Kc6 64. Rd8 Qe2+ 65. Kg3 Qe3+ 66. Kg2 Qe2+ 67. Kg3 Qe3+ 68. Kg2 1/2-1/2


[Site "https://www.chess.com"]

[Event "Titled Tuesday Blitz January 18 2022"]
[White "Yeletsky, Ivan"]
[Black "Hirneise, Jens"]
[WhiteFideId "24180327"]
[BlackFideId "24614734"]
[WhiteElo "2348"]
[BlackElo "2323"]
[Result "1-0"]
[Round "02"]
[TimeControl "180+1"]
[Date "2022.01.18"]
[WhiteClock "0:00:35"]
[BlackClock "0:00:16"]

1. c4 Nf6 2. g3 d5 3. cxd5 Nxd5 4. Nc3 Nb6 5. a4 g6 6. a5 N6d7 7. h4 h5 8. Nh3 Bg7 9. Bg2 c6 10. Ng5 Na6 11. Ra4 Ndc5 12. Rf4 O-O 13. b4 e5 14. Rxf7 Rxf7 15. Nxf7 Kxf7 16. bxc5 Nxc5 17. a6 Nxa6 18. Qb3+ Kf8 19. Ba3+ c5 20. O-O Rb8 21. Ne4 Qe7 22. f4 Be6 23. fxe5+ Kg8 24. Qc3 b6 25. Nf6+ Kh8 26. Qd3 Nc7 27. Qxg6 Bxf6 28. Rxf6 Bg8 29. Qxh5+ Bh7 30. Be4 Kg8 31. Bxh7+ Qxh7 32. Rg6+ Qxg6 33. Qxg6+ Kf8 34. e6 1-0


[Site "https://www.chess.com"]

[Event "Titled Tuesday Blitz January 18 2022"]
[White "Aditya Mittal"]
[Black "Le, Tuan Minh"]
[WhiteFideId "35042025"]
[BlackFideId "12401153"]
[WhiteElo "2287"]
[BlackElo "2450"]
[Result "0-1"]
[Round "03"]
[TimeControl "180+1"]
[Date "2022.01.18"]
[WhiteClock "0:00:02"]
[BlackClock "0:00:11"]

1. d4 d5 2. c4 c6 3. Nc3 Nf6 4. cxd5 cxd5 5. f3 a6 6. e4 dxe4 7. fxe4 e5 8. Nf3 exd4 9. Qxd4 Qxd4 10. Nxd4 Bc5 11. Nb3 Bb4 12. Bd3 Nc6 13. Bg5 Be6 14. Bxf6 gxf6 15. O-O Rd8 16. Nd5 f5 17. Nc7+ Ke7 18. Nd5+ Kf8 19. Rad1 Bd6 20. Bb1 Be5 21. Nc5 Bd4+ 22. Rxd4 Nxd4 23. Nxb7 Rb8 24. Nc5 Rxb2 25. Bd3 Kg7 26. Nf4 fxe4 27. Bxe4 Rxa2 28. Nh5+ Kh6 29. Nxe6 fxe6 30. g4 Kg5 31. h3 Rb8 32. Nf6 Kh4 33. Bd3 Rb3 34. Bxh7 Rg3+ 35. Kh1 Rxh3+ 36. Kg1 Nf3+ 37. Rxf3 Rxf3 38. Ne4 Kxg4 39. Bg8 Ra1+ 40. Kg2 Kf4 41. Nc5 Rg3+ 42. Kf2 Rxg8 43. Nxe6+ Ke5 0-1


[Site "https://www.chess.com"]

[Event "Titled Tuesday Blitz January 18 2022"]
[White "Al Mukhaini, Shima"]
[Black "Concio, Michael Jr."]
[WhiteFideId "22005854"]
[BlackFideId "5217873"]
[WhiteElo "2365"]
[BlackElo "1896"]
[Result "0-1"]
[Round "03"]
[TimeControl "180+1"]
[Date "2022.01.18"]
[WhiteClock "0:00:04"]
[BlackClock "0:00:13"]

1. e4 c6 2. d4 d5 3. Nc3 g6 4. Nf3 h5 5. exd5 cxd5 6. Bb5+ Bd7 7. O-O Nf6 8. Bf4 Bg7 9. Ne5 O-O 10. Nxd7 Nbxd7 11. Re1 a6 12. Bd3 Re8 13. Qd2 Qb6 14. Be3 Rac8 15. h3 Qc6 16. Bh6 Nb6 17. Bxg7 Kxg7 18. Re5 Nc4 19. Bxc4 Qxc4 20. Rae1 e6 21. Qd3 Qb4 22. Rb1 Rc4 23. Ne2 Rec8 24. c3 Qd6 25. f3 b5 26. a3 a5 27. Nf4 Nd7 28. Nxh5+ gxh5 29. Rxh5 Nf6 30. Rg5+ Kf8 31. Re1 Qf4 32. Qe3 Qxe3+ 33. Rxe3 b4 34. axb4 axb4 35. cxb4 Rxd4 36. Rb3 Rb8 37. b5 Rc4 38. Rg3 Rc5 39. b6 Rc6 40. b7 Rc7 41. f4 Rcxb7 42. Rxb7 Rxb7 43. b3 Ne4 44. Re3 Nc5 0-1


[Site "https://www.chess.com"]

[Event "Titled Tuesday Blitz January 18 2022"]
[White "Arabidze, Meri"]
[Black "Yoo, Christopher Woojin"]
[WhiteFideId "13604040"]
[BlackFideId "30909694"]
[WhiteElo "2329"]
[BlackElo "2105"]
[Result "0-1"]
[Round "03"]
[TimeControl "180+1"]
[Date "2022.01.18"]
[WhiteClock "0:00:14"]
[BlackClock "0:00:05"]

1. d4 Nf6 2. c4 e6 3. Nf3 d5 4. g3 Be7 5. Bg2 O-O 6. O-O dxc4 7. Qc2 b5 8. a4 b4 9. Qxc4 Ba6 10. Qc2 Nbd7 11. Rd1 Rc8 12. e4 Bb7 13. Ne5 c5 14. Nxd7 Qxd7 15. dxc5 Rxc5 16. Qe2 Qc7 17. Be3 Rc2 18. Nd2 Nxe4 19. Bxe4 Bxe4 20. Bf4 e5 21. Qxe4 exf4 22. b3 fxg3 23. hxg3 Bc5 24. Kg2 Rc3 25. Rac1 g6 26. Nf3 Rc8 27. Qd5 Bf8 28. Rb1 Rc2 29. Rd2 Rxd2 30. Qxd2 Qc2 31. Qxc2 Rxc2 32. Rd1 Bc5 33. Rd2 Rc3 34. Rb2 Kg7 35. Ne5 Bd4 36. Nc4 Rxc4 0-1


[Site "https://www.chess.com"]